 Dungeon Crawl Stone Soup version 0.26-a0-631-ged93497179 (webtiles) character file.

Game seed: 15018202517588747745

149 Descartes the Covert (level 5, -1/24 HPs)
             Began as a Felid Delver on Sept 13, 2020.
             Slain by a hound (3 damage)
             ... on level 5 of the Dungeon.
             The game lasted 00:07:35 (3450 turns).

Descartes the Covert (Felid Delver)                 Turns: 3450, Time: 00:07:36

Health: -1/24      AC:  1    Str:  9    XL:     5   Next: 9%
Magic:  6/6        EV: 21    Int: 11    God:
Gold:   155        SH:  0    Dex: 18    Spells: 4/4 levels left
                                        Lives:  0   Deaths: 1

rFire    . . .     SeeInvis +     - Unarmed
rCold    + . .     Faith    .   (shield unavailable)
rNeg     . . .     Spirit   .   (armour unavailable)
rPois    .         Reflect  .   (helmet unavailable)
rElec    .         Harm     .   (cloak unavailable)
rCorr    .         Rampage  .   (gloves unavailable)
MR       .....                  (boots unavailable)
Stlth    +++++.....             (no amulet)
HPRegen  0.08/turn              f - ring of wizardry
MPRegen  0.10/turn              k - ring of protection from cold

@: quick
A: very small, no armour, no weapons or thrown items, stealth, claws 1, fangs 3,
see invisible, speed 1, shaggy fur 1, sharp paws
a: no special abilities


You were on level 5 of the Dungeon.
You visited 1 branch of the dungeon, and saw 5 of its levels.

You collected 155 gold pieces.

Inventory:

Missiles
 h - 140 stones
 l - 29 arrows
Jewellery
 f - a ring of wizardry (left paw)
 k - a ring of protection from cold (right paw)
Wands
 e - a wand of digging (3)
Scrolls
 a - a scroll of fog
 b - 2 scrolls of magic mapping
 c - 2 scrolls of fear
 g - 2 scrolls of remove curse {unknown}
 i - a scroll of enchant weapon {unknown}
 j - 4 scrolls of identify
 n - a scroll of immolation {unknown}
 o - 2 scrolls of blinking {unknown}
 p - a scroll of amnesia {unknown}
 s - 2 scrolls of teleportation {unknown}
Potions
 d - a potion of haste
 m - a potion of heal wounds
 q - a potion of brilliance
 r - a potion of might


   Skills:
 + Level 3.2 Fighting
 + Level 5.0 Dodging
 * Level 9.4 Stealth
 + Level 2.3 Unarmed Combat


You had 4 spell levels left.
You didn't know any spells.
Your spell library was empty.

Dungeon Overview and Level Annotations

Branches:
Dungeon (5/15)
 Temple: D:4-7

Altars:
Ashenzari
Kikubaaqudgha
Vehumet
Wu Jian


Innate Abilities, Weirdness & Mutations

You cannot wear armour.
You are incapable of wielding weapons or throwing items.
Your paws allow you to move quietly. (Stealth)
You have sharp claws.
You have razor-sharp teeth.
You have supernaturally acute eyesight. (SInv)
You cover ground quickly.
You are covered in fur. (AC +1)
Your sharp claws are effective at attacking unaware monsters.


Message History

The hound bites you. The hound completely misses you.
You barely miss the hound. You bite the hound.
The hound is heavily wounded.
The hound bites you.
* * * LOW HITPOINT WARNING * * *
You barely miss the hound.
The hound is heavily wounded.
The hound closely misses you. x2
You barely miss the hound.
The hound is heavily wounded.
The hound barely misses you.
You scratch the hound. Your bite misses the hound.
The hound is severely wounded.
The hound bites you.
* * * LOW HITPOINT WARNING * * *
The hound misses you.
You completely miss the hound.
The hound is severely wounded.
The hound bites you.
You die...

############
.....[.....#
...........############.
...........'....@h......
...........############.
######.##### #.######..
#>.....'.. #.######..
#.# ######.#####
....##.....#


You could see a hound.

Vanquished Creatures
  A centaur (D:3)
  A bullfrog zombie (D:5)
  An iguana (D:4)
  5 adders
  A shadow imp (D:5)
  A white imp (D:2)
  A worm (D:2)
  3 dart slugs
  2 leopard geckos
  An orc (D:5)
  3 ball pythons
  3 giant cockroaches
  4 goblins
  7 hobgoblins
  2 jackals (D:5)
  10 bats
  7 frilled lizards
  4 kobolds
  A leopard gecko skeleton (D:5)
  A quokka skeleton (D:5)
  5 rats
64 creatures vanquished.

Notes
Turn   | Place    | Note
-------+----------+-------------------------------------------
     0 | D:5      | Descartes the Felid Delver began the quest for the Orb.
     0 | D:5      | Reached XP level 1. HP: 10/10 MP: 2/2
    18 | D:5      | Found an ancient bone altar of Kikubaaqudgha.
   443 | D:5      | Reached skill level 7 in Stealth
   443 | D:5      | Reached XP level 2. HP: 7/14 MP: 3/3
   648 | D:4      | Reached XP level 3. HP: 17/17 MP: 4/4
   809 | D:3      | Found a faded altar of an unknown god.
   835 | D:3      | Noticed a centaur
   841 | D:3      | Killed a centaur
   841 | D:3      | Reached skill level 8 in Stealth
   841 | D:3      | Reached XP level 4. HP: 21/21 MP: 5/5
   851 | D:3      | Reached XP level 5. HP: 24/24 MP: 6/6
   929 | D:2      | Found a shattered altar of Ashenzari.
  1161 | D:1      | Reached skill level 9 in Stealth
  1798 | D:2      | Found an ornate altar of the Wu Jian Council.
  1966 | D:2      | Found a radiant altar of Vehumet.
  2749 | D:3      | Noticed an ogre
  2968 | D:3      | HP: 1/24 [ogre/+0 giant club (23)]
  3258 | D:4      | You fall into a shaft and drop 1 floor!
  3259 | D:5      | Noticed a centaur
  3265 | D:5      | Mangled by a centaur
  3266 | D:5      | Reached XP level 4. HP: -8/21 MP: 5/5
  3286 | D:5      | Reached skill level 5 in Dodging
  3286 | D:5      | Reached XP level 5. HP: 13/24 MP: 6/6
  3450 | D:5      | Slain by a hound

Illustrated notes

Levels and vault maps discovered:
D:1:      minmay_arrival_diagonal_passages, layout_loops_ring,
          chequers_serial_rivers_small_b
D:2:      layout_basic, ashenzari_altar_1, vehumet_crystals, old_standard_altar,
          hangedman_decor_points
D:3:      layout_basic, chequers_ecumenical_altar_simple_redux,
          chequers_decorated_corner
D:4:      layout_basic
D:5:      layout_basic, kiku_gazebo_pond_becter, gammafunk_ghost_stat_death,
          dk_yredelemnul_ordeal

Skill      XL: |  1  2  3  4  5 |
---------------+----------------+-----
Dodging        | 3 4 5 |  5.0
Stealth        | 7 8 9 |  9.4
Fighting       | |  3.2
Unarmed Combat | |  2.3

Action                   |  1- 3 |  4- 6 || total
-------------------------+-------+-------++-------
Melee: Unarmed           |    53 |   130 ||   183
       Bite              |     5 |    13 ||    18
       Punch             |       |     2 ||     2
  Use: Potion            |     1 |     2 ||     3
       Scroll            |       |     4 ||     4
 Stab: Sleeping          |     2 |    34 ||    36
Armor: Skin              |     1 |     8 ||     9
Dodge: Dodged            |    43 |   121 ||   164

Table legend: (Time is in decaauts)
 A = Elapsed time spent in this place.
 B = Non-inter-level travel time spent in this place.
 C = Inter-level travel time spent in this place.
 D = Time resting spent in this place.
 E = Time spent auto-exploring this place.
 F = Levels seen in this place.
 G = Mean time per level.
                   A        B        C        D        E       F      G
               +--------+--------+--------+--------+--------+-----+--------+
         Total |   3009 |   2952 |     57 |    486 |   1738 |   5 |  601.8 |
       Dungeon |   3009 |   2952 |     57 |    486 |   1738 |   5 |  601.8 |
               +--------+--------+--------+--------+--------+-----+--------+

Top non-repeatable levels by time:
     D:3: 724 daAuts
     D:2: 700 daAuts
     D:5: 612 daAuts
     D:1: 517 daAuts
     D:4: 454 daAuts
